 Dungeon Crawl Stone Soup version 0.31-a0-1549-g5ff9445e89 (webtiles) character file.

Game seed: 12943901690281033467

450146 Xavori the Pyromancer (level 25, -29/177 HPs)
             Began as a Djinni Chaos Knight on Jan 1, 2024.
             Was a Favourite Plaything of Xom.
             Killed from afar by a quicksilver dragon (32 damage)
             ... with a bolt of dispelling energy
             ... on level 4 of the Vaults on Jan 2, 2024.
             The game lasted 02:34:31 (51063 turns).

Xavori the Pyromancer (Djinni Chaos Knight)        Turns: 51063, Time: 02:34:32

Health: -29/177    AC: 40    Str: 15    XL:     25   Next: 47%
Gold:   4412       EV:  5    Int: 31    God:    Xom [....*.] SH: 15 Dex: 30

rFire   + + +        p - +6 double sword (flame)
rCold   + + .        b - +2 buckler {rC+}
rNeg    + . .        f - +9 scales of the Dragon King {rPois rF+ rC+ Will+}
rPois   ∞            y - +0 hat "Olotontut" {rC- Will+ Regen+ rCorr}
rElec   +            v - +2 ratskin cloak {*Rats rPois rN+ Str-1 Int-1 Dex+1}
rCorr   +            V - +3 pair of gloves of Urchomyne {Regen+ Int+3}
SInv    .            (boots unavailable)
Will    ++++.        A - amulet "Veodoeg" {Reflect Str+6 Slay+2 SH+5} Stlth
                     a - ring of Wu Jian's Favour {Wiz rElec rC++ Str-3 Int+4}
HPRegen 2.89/turn    N - ring of Muntitao {rF+ Int+2 Dex+9 Slay+4 Stlth-}
MPRegen 0.00/turn

%: reflection, clarity, wizardry (x1), infuse magic (-30 HP)
@: flying, constricted, studying 3 skills, invisible (expiring)
A: sickness immunity, fire resistance 2, cold vulnerability 1, float, innate
caster, HP casting, extra vitality 1, iridescent scales 2, clarity, clever 2,
sense surroundings 2, regeneration 1, screaming 1, electricity resistance,
strong 1, MP-powered wands, noise suppression
}: 2/15 runes: serpentine, barnacled
a: Renounce Religion


You were on level 4 of the Vaults.
You worshipped Xom.
You were a beloved toy of Xom.
You visited 8 branches of the dungeon, and saw 41 of its levels.
You also visited: Trove, Sewer, Gauntlet, Ice Cave, Wizlab and Desolation.

You collected 8079 gold pieces.
You spent 3667 gold pieces at shops.

Inventory:

Hand Weapons
 p - a +6 double sword of flaming (weapon)
Armour
 b - a +2 buckler of cold resistance (worn)
 f - the +9 scales of the Dragon King (worn) {rPois rF+ rC+ Will+}
   (You found it in the Desolation of Salt)

   rF+:       It protects you from fire.
   rC+:       It protects you from cold.
   rPois:     It protects you from poison Will+: It increases your willpower.
 v - the +2 ratskin cloak (worn) {*Rats rPois rN+ Str-1 Int-1 Dex+1}
   (You found it on level 4 of the Dungeon)

   *Rats:     When the wearer is hurt, rats may emerge from it to assist them.
   Str-1:     It affects your strength (-1).
   Int-1:     It affects your intelligence (-1).
   Dex+1:     It affects your dexterity (+1).
   rPois:     It protects you from poison rN+: It protects you from negative
   energy.
 y - the +0 hat "Olotontut" (worn) {rC- Will+ Regen+ rCorr}
   (You acquired it on level 7 of the Dungeon)

   rC-:       It makes you vulnerable to cold.
   Will+:     It increases your willpower.
   Regen+:    It increases your rate of health regeneration.
   rCorr:     It protects you from acid and corrosion.
 H - the +6 scale mail of Contentment {rF- rCorr SInv}
   (You found it in the Desolation of Salt)

   rF-:       It makes you vulnerable to fire.
   SInv:      It lets you see invisible.
   rCorr:     It protects you from acid and corrosion.
 L - the -2 hat of the Alchemist {rElec rPois rF+ rC+ rN+ Will+ rMut rCorr}
   (You found it in the Desolation of Salt)

   rF+:       It protects you from fire.
   rC+:       It protects you from cold.
   rElec:     It insulates you from electricity.
   rPois:     It protects you from poison rN+: It protects you from negative
   energy.
   Will+:     It increases your willpower.
   rCorr:     It protects you from acid and corrosion.
   rMut:      It protects you from mutation.
 R - a +0 tower shield of reflection
 V - the +3 pair of gloves of Urchomyne (worn) {Regen+ Int+3}
   (You found it in a Gauntlet)

   Int+3:     It affects your intelligence (+3).
   Regen+:    It increases your rate of health regeneration.
Jewellery
 a - the ring of Wu Jian's Favour (left hand) {Wiz rElec rC++ Str-3 Int+4}
   (You found it in an ice cave)

   [ring of wizardry]

   Wiz:       It improves your spell success rate.
   Str-3:     It affects your strength (-3).
   Int+4:     It affects your intelligence (+4).
   rC++:      It greatly protects you from cold.
   rElec:     It insulates you from electricity.
 h - the ring "Numaim" {^Drain rC+ rN++ Slay+5}
   (You found it in a treasure trove)

   [ring of protection from cold]

   Slay+5:    It affects your accuracy & damage with ranged weapons and melee
   (+5).
   rC+:       It protects you from cold.
   rN++:      It greatly protects you from negative energy.
   ^Drain:    It drains your maximum health when unequipped.
 m - the ring "Toof" {rF- Str+7 Int+6 Dex+6}
   (You found it in a treasure trove)

   [ring of intelligence]

   Str+7:     It affects your strength (+7).
   Int+6:     It affects your intelligence (+6).
   Dex+6:     It affects your dexterity (+6).
   rF-:       It makes you vulnerable to fire.
 A - the amulet "Veodoeg" (around neck) {Reflect Str+6 Slay+2 SH+5}
   (Xom gifted it to you on level 3 of the Lair of Beasts)

   [amulet of reflection]

   Reflect:   It reflects blocked missile attacks.
   Str+6:     It affects your strength (+6).
   Slay+2:    It affects your accuracy & damage with ranged weapons and melee
   (+2).
   SH+5:      It affects your SH (+5).
 N - the ring of Muntitao (right hand) {rF+ Int+2 Dex+9 Slay+4 Stlth-}
   (You found it in a treasure trove)

   [ring of slaying]

   Int+2:     It affects your intelligence (+2).
   Dex+9:     It affects your dexterity (+9).
   Slay+4:    It affects your accuracy & damage with ranged weapons and melee
   (+4).
   rF+:       It protects you from fire.
   Stlth-:    It makes you less stealthy.
 T - the ring of Askoezif {rF+ SInv}
   (You found it on level 11 of the Dungeon)

   [ring of see invisible]

   rF+:       It protects you from fire.
   SInv:      It lets you see invisible.
 Y - the ring of Tuloenn {rC+ MP+9 Int+3 Slay+3}
   (You bought it in a shop on level 2 of the Orcish Mines)

   [ring of magical power]

   Int+3:     It affects your intelligence (+3).
   Slay+3:    It affects your accuracy & damage with ranged weapons and melee
   (+3).
   rC+:       It protects you from cold.
   MP+9:      It affects your magic capacity (+9).
Wands
 s - a wand of flame (91)
 z - a wand of roots (38)
 C - a wand of paralysis (107)
 E - a wand of quicksilver (41)
 F - a wand of polymorph (5)
 P - a wand of digging (30)
 W - a wand of mindburst (17)
Scrolls
 c - 5 scrolls of butterflies
 e - 4 scrolls of poison
 g - 5 scrolls of silence
 i - 10 scrolls of immolation
 k - 9 scrolls of enchant armour
 o - 8 scrolls of fog
 x - 23 scrolls of teleportation
 I - 3 scrolls of brand weapon
 J - 5 scrolls of revelation
 X - 5 scrolls of blinking
Potions
 d - 12 potions of curing
 l - 11 potions of brilliance
 n - 6 potions of resistance
 q - 7 potions of cancellation
 r - 7 potions of haste
 t - 6 potions of heal wounds
 u - 7 potions of mutation
 w - 3 potions of might
 B - 4 potions of enlightenment
 D - a potion of berserk rage
 G - 2 potions of invisibility
Miscellaneous
 j - a phial of floods
 M - a sack of spiders
 Q - a phantom mirror
 U - a tin of tremorstones (2/2)
 Z - a lightning rod (4/4)


   Skills:
 - Level 14.8 Fighting
 - Level 10.6 Long Blades
 - Level 13.3 Armour
 - Level 12.4 Dodging
 - Level 7.5 Shields
 - Level 18.5 Spellcasting
 - Level 18.5 Conjurations
 - Level 18.5 Hexes
 - Level 18.5 Summonings
 - Level 20.7 Necromancy
 - Level 18.5 Translocations
 - Level 23.6 Fire Magic
 - Level 18.5 Ice Magic
 - Level 18.5 Air Magic
 - Level 18.5 Earth Magic
 - Level 18.5 Alchemy
 - Level 10.0 Evocations
 * Level 20.8 Shapeshifting


You knew the following spells:

 Your Spells              Type           Power      Damage    Failure   Level
a - Apportation           Tloc           100%       N/A       1%          1
b - Jinxbite              Hex            100%       N/A       1%          2
c - Vampiric Draining     Necr           100%       2d13      1%          3
d - Manifold Assault      Tloc           97%        N/A       1%          4
e - Yara's Violent Unrav  Hex/Alch       48%        3d19      1%          5
f - Borgnjor's Vile Clut  Necr/Erth      50%        N/A       1%          5
g - Plasma Beam           Fire/Air       51%        2x1d66    4%          6
h - Death Channel         Necr           51%        N/A       4%          6
i - Summon Hydra          Summ           48%        N/A       50%         7
j - Monstrous Menagerie   Summ           48%        N/A       50%         7
k - Ignition              Fire           54%        3d15      50%         8
l - Infestation           Necr           51%        N/A       86%         8
Your spell library was empty.

Dungeon Overview and Level Annotations

Branches:
Dungeon (15/15)            Temple (0/1) D:6            Lair (5/5) D:8
 Shoals (4/4) Lair:3        Snake (4/4) Lair:3        Slime (0/5) Lair:5
    Orc (2/2) D:10            Elf (3/3) Orc:2        Vaults (5/5) D:14
  Crypt (3/3) Vaults:2       Tomb (0/3) Crypt:3      Depths (0/4) D:15
  Sewer (visited)           IceCv (visited)          WizLab (visited)
Desolation (visited)      Gauntlet (visited)

Altars:
Ashenzari
Cheibriados
Dithmenos
Elyvilon
Fedhas
Hepliaklqana
Nemelex Xobeh
Qazlal
Trog
Uskayaw
Wu Jian
Xom
Yredelemnul
Zin
The Shining One
Jiyva
Lugonu

Shops:
D:3 *   D:5 *   Orc:1 =   Orc:2 *[=(   Elf:3 :==   Shoals:1 ?   Vaults:2 ?[

Annotations:
D:14 2 transporters, Caupytet's ghost, weakling FoFi
Shoals:2 2 transporters, bobo's ghost, journeyman OnGl
Crypt:1 1 runed translucent door, Pimiptod's ghost, adept MiFi


Innate Abilities, Weirdness & Mutations

You are immune to sickness and miasma.
You are immune to poison.
Your flesh is very heat resistant. (rF++)
You are vulnerable to cold. (rC-)
You float through the air rather than walking.
You learn spells naturally, not from books.
Your magical power is your life essence.
You have superior vitality. (+4 MHP)
You are mostly covered in iridescent scales. (AC +4)
You possess an exceptional clarity of mind.
Your mind is very acute. (Int +8, Str/Dex -2)
You passively map the area around you.
Your natural rate of healing is unusually fast.
You occasionally shout uncontrollably at your foes.
You are resistant to electric shocks. (rElec)
Your muscles are strong. (Str +4, Int/Dex -1)
You expend health (3 HP) to strengthen your wands.
You passively dampen the noise of your surroundings.


Message History

The tentacled monstrosity barely misses you.
The tentacled monstrosity tentacle-slaps you but does no damage.
The tentacled monstrosity constricts you.
The quicksilver dragon is engulfed in seething chaos.
The quicksilver dragon barely misses you.
The quicksilver dragon claws you but does no damage.
Your hell rat barely misses the vault warden.
The ironbound convoker casts a spell at the vault warden.
The vault warden seems to grow stronger.
The vault warden is engulfed in seething chaos.
The vault warden flies into a frenzy!
Xom thinks this is hilarious!
You block the vault warden's attack.
Blink to where?
Press: ? - help, Dir - move target, f - you
Okay, then.
Okay, then.
Okay, then.
You fade into invisibility!
The quicksilver dragon is engulfed in seething chaos.
The quicksilver dragon bites you but does no damage.
The quicksilver dragon claws you but does no damage.
The vault warden is engulfed in seething chaos.
The acid corrodes the vault warden!
The vault warden hits you with a +3 great mace of holy wrath!!
* * * LOW HITPOINT WARNING * * *
The tentacled monstrosity is engulfed in seething chaos.
The tentacled monstrosity tentacle-slaps you but does no damage.
The tentacled monstrosity tentacle-slaps you!
* * * LOW HITPOINT WARNING * * *
You block the tentacled monstrosity's attack.
The tentacled monstrosity constricts you.
* * * LOW HITPOINT WARNING * * *
Your hell rat bites the vault warden!!
Your hell rat drains the vault warden!
The quicksilver dragon is engulfed in seething chaos.
The quicksilver dragon breathes dispelling energy at you.
The bolt of dispelling energy hits you!!
Your magical effects are unravelling.
You die...
Xom giggles madly!

#................................
#....................)#####'##...
#.....................#......#...
#..##'#####..[........#......#...
#..#......#..[.[......#......#...
#..#......#....[......#....>.#...
#..#......#...........#......#...
#..#......#....###..._#......#...
#..#......#...##@##.).#......#...
#..#......#..##DXp##..########...
#..#......#.##..>rp##.._.........
#..#......#.+...[...#.########.##
'..#......#.#.<.[...#.#...)..#.#.
#..########.#.......#.#......###.
#...........###+#####.#......#...
#...........##...#....#......#...
#..........##....#....#......'..#


You could see a tentacled monstrosity (strong), a quicksilver dragon (catching
breath), an ironbound convoker (unable to see you), a neutral vault warden
(fast, strong, frenzied, corroded, drained, ally target) and a friendly hell
rat.

Vanquished Creatures
  Frederick (Vaults:3)
  Boris (twice) (Crypt:1 Crypt:3)
  The ghost of Luiw the Slayer, a veteran HOBe of Trog (Vaults:1)
  Vashnia (Snake:4)
  Margery (Crypt:1)
  2 bone dragons (Crypt:3)
  Rupert (D:15)
  A hellephant (Crypt:1)
  Jorgrun (Shoals:3)
  3 liches (Crypt:3)
  4 sphinxes
  2 deep elf master archers (Elf:3)
  3 deep elf blademasters
  10 ancient champions
  A kraken (Shoals:3)
  A storm dragon (Shoals:4)
  3 nagarajas
  Donald (Shoals:3)
  Kirke (Shoals:4)
  Roxanne (Elf:3)
  4 revenants
  4 imperial myrmidons (Desolation)
  A draconian knight (IceCv)
  An emperor scorpion (D:15)
  5 deep elf sorcerers (Elf:3)
  5 vault wardens
  A curse skull (Crypt:3)
  14 ghouls
  An orc warlord (Orc:2)
  2 angels (Elf:2)
  2 reapers
  A draconian scorcher (WizLab)
  A juggernaut skeleton (Crypt:1)
  A draconian annihilator (WizLab)
  17 ironbound preservers
  10 ironbound thunderhulks
  A stone giant (Vaults:4)
  4 formless jellyfish
  3 vampire knights
  A caustic shrike skeleton (Crypt:3)
  A deep elf demonologist (Elf:3)
  2 deep elf annihilators (Elf:3)
  9 deep elf death magi
  A minotaur (Gauntlet)
  9 purple draconians (WizLab)
  5 dire elephants
  A war gargoyle (Vaults:1)
  A spark wasp (Vaults:4)
  2 eidola (Crypt:1)
  Snorg (D:11)
  4 white draconians (IceCv)
  Josephine (Lair:5)
  6 statues (WizLab)
  3 merfolk javelineers (Shoals:4)
  A crystal guardian (Vaults:1)
  2 mummy priests (Crypt:3)
  14 merfolk impalers
  8 yaktaur captains
  16 jiangshi
  11 ragged hierophants (Desolation)
  A spriggan zombie (Crypt:3)
  3 deep elf high priests
  The ghost of pokeman the Eclecticist, a journeyman DEHW of Vehumet (D:11)
  An entropy weaver (Vaults:4)
  13 servants of whispers (Desolation)
  23 vault guards
  5 great orbs of eyes
  A catoblepas (Lair:3)
  13 anacondas
  A juggernaut simulacrum (Crypt:3)
  9 peacekeepers
  2 hydras
  12 ironbound frosthearts
  5 merfolk aquamancers
  5 salamander tyrants
  3 death knights
  6 centaur warriors
  2 boulder beetles
  21 dancing weapons
  5 two-headed ogres
  A fenstrider witch zombie (Crypt:1)
  Erica (Lair:1)
  A satyr (Shoals:3)
  A hell hog (Gauntlet)
  5 vampire magi
  20 naga warriors
  3 shock serpents
  3 orc high priests (Orc:2)
  24 naga sharpshooters
  3 soul eaters
  14 deep elf knights
  A hell knight (Crypt:1)
  Sonja (Lair:5)
  A titan skeleton (Crypt:3)
  6 salamander mystics
  10 skysharks
  An anaconda zombie (Crypt:2)
  24 skeletal warriors
  6 shadow wraiths
  3 storm dragon skeletons
  9 naga ritualists
  7 sea snakes
  56 deep trolls
  3 flayed ghosts (Crypt:3)
  A bog body (Crypt:1)
  11 deep elf archers
  A glowing orange brain (Lair:5)
  12 harpies
  10 phantasmal warriors
  6 lindwurms
  9 arcanists
  21 deep elf zephyrmancers
  6 necromancers
  6 orc knights
  5 orc sorcerers
  15 deep elf pyromancers
  23 ironbound convokers
  12 ugly things
  A faun (Shoals:2)
  2 oklob plants (Lair:3)
  A wolf spider (shapeshifter) (IceCv)
  4 cyclopes
  8 mana vipers
  16 salamanders
  22 manticores
  An iron dragon skeleton (Crypt:1)
  16 elephants
  A meliai (shapeshifter) (Elf:3)
  13 vault sentinels
  A formless jellyfish zombie (Crypt:1)
  49 slime creatures
  2 kobold blastminers (Orc:1)
  6 merfolk sirens
  30 black mambas
  A rust devil (Gauntlet)
  A molten gargoyle (Desolation)
  12 naga magi
  A black draconian zombie (Crypt:2)
  4 gargoyles
  6 water nymphs
  10 cane toads
  16 guardian serpents
  A dire elephant skeleton (Crypt:3)
  2 torpor snails
  A naga skeleton (Crypt:3)
  A minotaur zombie (Crypt:3)
  8 storm dragon simulacra (IceCv)
  3 kobold demonologists
  A pale draconian zombie (Crypt:2)
  2 rime drakes
  9 komodo dragons
  20 tengu conjurers (WizLab)
  An anaconda simulacrum (Crypt:3)
  16 yaktaurs
  2 golden dragon simulacra (IceCv)
  5 freezing wraiths
  An unseen horror skeleton (Crypt:2)
  A minotaur skeleton (Crypt:2)
  4 harpy zombies
  8 trolls
  6 polar bears
  20 merfolk
  A guardian mummy (Crypt:3)
  A hellwing (Gauntlet)
  7 hornets (Lair:5)
  13 wind drakes
  2 harpy skeletons (Crypt:1)
  76 saltlings (Desolation)
  A glass eye (Lair:5)
  A boulder beetle zombie (Crypt:3)
  11 snapping turtles
  An ice dragon zombie (Crypt:1)
  A satyr zombie (Crypt:2)
  An iron dragon simulacrum (Crypt:1)
  27 dream sheep
  16 blink frogs
  A fire dragon zombie (Crypt:1)
  3 centaur simulacra
  A shapeshifter (Snake:1)
  An ettin skeleton (Crypt:3)
  11 spriggans (Lair:5)
  2 shadows
  A vampire (D:12)
  8 air elementals
  A black mamba skeleton (Crypt:1)
  13 wraiths
  34 yaks
  2 ynoxinuls (Gauntlet)
  3 fire bats (Gauntlet)
  24 water elementals
  3 basilisks
  A hog (shapeshifter) (Elf:2)
  5 wyverns
  4 hogs
  2 ushabtiu (Crypt:3)
  2 steam dragons
  A warg (Orc:2)
  A fire elemental (Elf:1)
  A redback (shapeshifter) (Shoals:3)
  Grum (D:7)
  2 vampire mosquitoes (D:14)
  A redback (Vaults:4)
  38 nagas
  An acid dragon (D:11)
  A deep troll skeleton (Crypt:3)
  8 water moccasins
  A hell hound (Gauntlet)
  36 orc warriors
  2 ice beasts (D:7)
  5 ice dragon simulacra (IceCv)
  A cane toad skeleton (Crypt:3)
  23 laughing skulls
  2 manticore zombies (Shoals:1)
  5 black bears
  A tengu (Lair:4)
  15 boggarts
  7 ogres
  34 wolves
  2 sky beasts (D:7)
  14 centaurs
  3 phantoms
  5 kobold brigands
  A manticore skeleton (Crypt:3)
  A komodo dragon zombie (Crypt:2)
  5 necrophages
  2 earth elementals (Elf:1)
  11 bullfrogs
  4 scorpions
  3 gnoll sergeants
  A komodo dragon skeleton (Crypt:1)
  A wyvern skeleton (Crypt:2)
  A hornet simulacrum (D:14)
  4 wights (D:6)
  A shapeshifter zombie (Crypt:3)
  6 lindwurm simulacra (IceCv)
  14 killer bees
  An electric eel (Snake:1)
  A bombardier beetle (D:5)
  A howler monkey (D:6)
  2 lava snakes
  2 hounds
  6 iron imps (Gauntlet)
  20 orc priests
  A gnoll bouda (D:9)
  8 jellies
  3 iguanas
  23 orc wizards
  A scorpion zombie (Crypt:2)
  4 hell rats (Lair:4)
  A deep dwarf zombie (Crypt:3)
  8 ogre zombies (D:10)
  An acid dragon skeleton (Crypt:3)
  16 gnolls
  2 adders
  A shadow imp (D:6)
  3 white imps
  A ribbon worm zombie (Crypt:1)
  A dart slug (D:4)
  5 ribbon worms
  72 orcs
  4 ball pythons
  2 endoplasms
  6 giant cockroaches
  6 hobgoblins
  9 jackals
  20 kobolds
  5 quokkas
  5 bats
  6 frilled lizards
  5 gnoll skeletons (D:10)
  2 gnoll zombies (D:10)
  6 goblins
  A jackal skeleton (Crypt:3)
  2 orc skeletons (D:10)
  16 orc zombies (D:10)
  A quokka skeleton (Crypt:3)
  A quokka zombie (Crypt:1)
  5 rats
  A river rat skeleton (Crypt:2)
1862 creatures vanquished.

Vanquished Creatures (collateral kills)
  An ironbound preserver (Vaults:1)
  2 yaktaur captains (Vaults:1)
  A hydra (Lair:2)
  A peacekeeper (Desolation)
  A boulder beetle (Lair:2)
  A dancing weapon (Elf:2)
  2 naga sharpshooters
  An ironbound convoker (Vaults:3)
  A slime creature (Vaults:1)
  A deep elf zephyrmancer (Elf:2)
  2 deep elf pyromancers
  3 elephants
  An eye of devastation (Lair:5)
  A cane toad (Lair:4)
  A yaktaur (Vaults:1)
  3 saltlings (Desolation)
  A blink frog (Lair:2)
  2 dream sheep
  2 spriggans (Lair:5)
  2 yaks
  A fire bat (Gauntlet)
  2 nagas
  A wolf (Lair:5)
  A boggart (Vaults:1)
  A kobold brigand (Sewer)
  A scorpion (D:5)
  2 orc priests
  2 orc wizards
  A gnoll (D:5)
  An adder (Sewer)
  A dart slug (D:3)
  2 orcs
  2 ball pythons (Sewer)
  2 endoplasms (Sewer)
  7 kobolds (Sewer)
  A rat (Sewer)
58 creatures vanquished.

Vanquished Creatures (others)
  An ironbound frostheart (Vaults:1)
  A dancing weapon (Elf:2)
  2 deep elf knights
  A deep elf pyromancer (Elf:1)
  A cane toad (Lair:4)
  A polar bear (Lair:4)
  An air elemental (Elf:2)
  A naga (Snake:4)
  An orc wizard (Orc:2)
  An orc (Orc:2)
  A hobgoblin zombie (D:4)
  A kobold (D:3)
  An orc zombie (D:3)
14 creatures vanquished.

Grand Total: 1934 creatures vanquished

Notes
Turn   | Place    | Note
-------+----------+-------------------------------------------
     0 | D:1      | Xavori the Djinni Chaos Knight began the quest for the Orb.
     0 | D:1      | Reached XP level 1. HP: 20/20 MP: 0/0
   116 | D:1      | XOM: silly message
   121 | D:1      | Reached XP level 2. HP: 25/25 MP: 0/0
   192 | D:1      | XOM: divination: detect creatures
   307 | D:1      | Reached skill level 1 in Spellcasting
   307 | D:1      | Reached skill level 1 in Conjurations
   307 | D:1      | Reached skill level 1 in Hexes
   307 | D:1      | Reached skill level 1 in Summonings
   307 | D:1      | Reached skill level 1 in Necromancy
   307 | D:1      | Reached skill level 1 in Translocations
   307 | D:1      | Reached skill level 1 in Fire Magic
   307 | D:1      | Reached skill level 1 in Ice Magic
   307 | D:1      | Reached skill level 1 in Air Magic
   307 | D:1      | Reached skill level 1 in Earth Magic
   307 | D:1      | Reached skill level 1 in Alchemy
   307 | D:1      | Reached XP level 3. HP: 23/30 MP: 0/0
   307 | D:1      | Learned a level 1 spell: Apportation
   493 | D:1      | XOM: silly message
   530 | D:1      | XOM: divination: detect creatures
   888 | D:1      | XOM: silly message
  1037 | D:1      | XOM: divination: magic mapping
  2154 | D:1      | XOM: divination: magic mapping
  2222 | D:1      | XOM: torment (16/30 hp)
  2585 | D:1      | XOM is BORED!
  2585 | D:1      | XOM: noise
  2873 | D:1      | XOM: divination: magic mapping
  3218 | D:1      | XOM: noise
  3507 | D:1      | XOM: cloud trail
  3571 | D:1      | XOM: silly message
  3750 | D:1      | XOM: 1-stop teleportation journey
  3789 | D:1      | Identified the +2 flail of Fofoa {protect, Int+3 Dex+2}
                  | (Xom gifted it to you on level 1 of the Dungeon)
  3789 | D:1      | XOM: god gift: +2 flail of Fofoa {protect, Int+3 Dex+2}
  3915 | D:1      | XOM: scenery: create altars
  4339 | D:1      | XOM is BORED!
  4339 | D:1      | XOM: stat loss: -3 Str (8/11)
  5571 | D:1      | XOM: god gift: phial of floods
  6141 | D:1      | XOM: give mutations
  6141 | D:1      | Gained mutation: You are resistant to electric shocks.
                  | (rElec) [Xom's grace]
  6141 | D:1      | Gained mutation: You are partially covered in iridescent
                  | scales. (AC +2) [Xom's grace]
  6141 | D:1      | Gained mutation: You are strong-willed. (Will+) [Xom's
                  | grace]
  6141 | D:1      | Gained mutation: You have supernaturally acute eyesight.
                  | (SInv) [Xom's grace]
  6352 | D:2      | XOM: cloud trail
  6484 | D:2      | Reached XP level 4. HP: 35/35 MP: 0/0
  6516 | D:2      | XOM: cloud trail
  6598 | D:2      | XOM: give mutation
  6598 | D:2      | Gained mutation: Your muscles are strong. (Str +4, Int/Dex
                  | -1) [Xom's mischief]
  6796 | D:2      | XOM: silly message
  6818 | D:2      | Found a hazy altar of Hepliaklqana.
  6954 | D:3      | Found a faded altar of an unknown god.
  6959 | D:3      | XOM: scenery: create altars
  7155 | D:3      | Reached XP level 5. HP: 31/40 MP: 0/0
  7155 | D:3      | Learned a level 2 spell: Jinxbite
  7206 | D:3      | Reached skill level 1 in Evocations
  7455 | D:3      | XOM: summons 3 hostile demons
  7490 | D:3      | Found Wujinwieh's Assorted Antiques.
  7524 | D:3      | Found a glowing drain.
  7535 | Sewer    | Entered a sewer
  7552 | Sewer    | Noticed a kobold brigand
  7561 | Sewer    | Killed a kobold brigand
  7562 | Sewer    | Reached skill level 2 in Fire Magic
  7562 | Sewer    | Reached XP level 6. HP: 42/47 MP: 0/0
  7686 | Sewer    | XOM: god gift: staff of air
  7859 | D:3      | XOM: polymorph ribbon worm -> dart slug
  7914 | D:3      | Bought a scroll labelled FYASUO GESERPHU for 23 gold pieces
  8160 | D:4      | Identified the +0 scale mail "Roniak Sulu" {rF++ rN+ Int-5}
  8184 | D:4      | Found the +2 ratskin cloak {*Rats rPois rN+ Str-1 Int-1
                  | Dex+1}
  8290 | D:4      | Reached XP level 7. HP: 34/51 MP: 0/0
  8290 | D:4      | Learned a level 3 spell: Vampiric Draining
  8384 | D:4      | XOM: give mutations
  8384 | D:4      | Gained mutation: You have a pair of small horns on your
                  | head. [Xom's grace]
  8384 | D:4      | Gained mutation: You possess an exceptional clarity of
                  | mind. [Xom's grace]
  8384 | D:4      | Gained mutation: You are highly strong-willed. (Will++)
                  | [Xom's grace]
  8518 | D:5      | Entered Level 5 of the Dungeon
  8572 | D:5      | Found a stormy altar of Qazlal.
  8574 | D:5      | You are sucked into a shaft and drop 1 floor!
  8608 | D:5      | Found a bloodstained altar of Trog.
  8614 | D:5      | XOM: enchant monster (good)
  8655 | D:5      | Reached skill level 3 in Fire Magic
  8655 | D:5      | Reached XP level 8. HP: 44/58 MP: 0/0
  8720 | D:5      | Found Fieplilu's General Store.
  8729 | D:5      | Bought a wand of roots (7) for 184 gold pieces
  8847 | D:5      | XOM: stat loss: -1 Dex (15/16)
  8848 | D:5      | XOM: give mutation
  8848 | D:5      | Lost mutation: You have supernaturally acute eyesight.
                  | (SInv) [Xom's mischief]
  8998 | D:5      | XOM: swap monsters
  9025 | D:5      | XOM: summons 5 hostile demons
  9475 | D:6      | Reached skill level 5 in Fighting
  9475 | D:6      | Reached XP level 9. HP: 44/65 MP: 0/0
  9475 | D:6      | Learned a level 4 spell: Manifold Assault
  9620 | D:6      | XOM: silly message
  9727 | D:6      | Reached skill level 5 in Dodging
  9827 | D:6      | Reached skill level 4 in Fire Magic
  9956 | D:6      | Found a staircase to the Ecumenical Temple.
  9956 | D:6      | XOM: summons 1 hostile shadow creature
 10072 | D:6      | XOM: 2-stop teleportation journey
 10116 | D:6      | XOM: give mutation
 10116 | D:6      | Gained mutation: Your mind is acute. (Int +4, Str/Dex -1)
                  | [Xom's grace]
 10131 | D:6      | Found a shadowy altar of Dithmenos.
 10134 | D:6      | XOM: summons 9 friendly demons
 10235 | D:7      | Reached skill level 5 in Long Blades
 10276 | D:7      | XOM: 2-stop teleportation journey
 10591 | D:7      | XOM: scenery: summon butterflies
 10620 | D:7      | XOM: smoke on damage
 10737 | D:7      | Reached skill level 5 in Armour
 10803 | D:7      | Identified a scroll of acquirement
 10804 | D:7      | Acquired the +0 hat "Olotontut" {rC- Will+ Regen+ rCorr}
 10831 | D:8      | Noticed Grum
 10841 | D:7      | HP: 2/66 [Grum/+1 spear (14)]
 10850 | D:6      | Reached XP level 10. HP: 13/72 MP: 0/0
 10911 | D:7      | XOM: scenery: summon butterflies
 10912 | D:7      | XOM: smoke on damage
 10915 | D:7      | XOM: summons 10 friendly demons
 10929 | D:6      | Reached skill level 5 in Spellcasting
 10929 | D:6      | Reached skill level 5 in Conjurations
 10929 | D:6      | Reached skill level 5 in Hexes
 10929 | D:6      | Reached skill level 5 in Summonings
 10929 | D:6      | Reached skill level 5 in Necromancy
 10929 | D:6      | Reached skill level 5 in Translocations
 10929 | D:6      | Reached skill level 5 in Fire Magic
 10929 | D:6      | Reached skill level 5 in Ice Magic
 10929 | D:6      | Reached skill level 5 in Air Magic
 10929 | D:6      | Reached skill level 5 in Earth Magic
 10929 | D:6      | Reached skill level 5 in Alchemy
 10972 | D:7      | Killed Grum
 11148 | D:8      | Found a staircase to the Lair.
 11159 | D:8      | XOM: summons friendly quasit
 11165 | D:8      | Reached skill level 5 in Evocations
 11213 | D:8      | XOM: scenery: 1 doors open, 1 doors close
 11311 | D:8      | XOM: summons 2 friendly demons
 11334 | D:8      | XOM: polymorph ufetubus -> cerulean imp
 11548 | D:8      | Found a broken altar of Ashenzari.
 11548 | D:8      | Found a hazy altar of Hepliaklqana.
 11558 | D:8      | Found a blossoming altar of Fedhas.
 11561 | D:8      | Found a snail-covered altar of Cheibriados.
 11563 | D:8      | Found a white marble altar of Elyvilon.
 11568 | D:8      | Found a hide-covered altar of Uskayaw.
 11602 | D:8      | XOM: polymorph orc -> kobold
 11822 | D:9      | Noticed a two-headed ogre
 11832 | D:9      | Killed a two-headed ogre
 11900 | D:9      | XOM: give mutations
 11900 | D:9      | Gained mutation: You are mostly covered in iridescent
                  | scales. (AC +4) [Xom's grace]
 11900 | D:9      | Gained mutation: You expend health (3 HP) to strengthen
                  | your wands. [Xom's grace]
 12299 | D:9      | XOM is BORED!
 12299 | D:9      | XOM: noise
 12358 | D:9      | Reached XP level 11. HP: 78/78 MP: 0/0
 12358 | D:9      | Learned a level 5 spell: Yara's Violent Unravelling
 12375 | D:9      | XOM: silly message
 12734 | D:9      | Found an ornate altar of the Wu Jian Council.
 12785 | D:9      | XOM: scenery: summon butterflies
 12800 | D:10     | Entered Level 10 of the Dungeon
 12858 | D:10     | Reached skill level 6 in Fire Magic
 13058 | D:10     | XOM is BORED!
 13058 | D:10     | XOM: silly message
 13180 | D:10     | Found a staircase to the Orcish Mines.
 13257 | D:10     | XOM: silly message
 13304 | D:10     | XOM: silly message
 13312 | D:10     | XOM: 2-stop teleportation journey
 13415 | D:10     | Noticed a two-headed ogre
 13424 | D:10     | Killed a two-headed ogre
 13466 | D:10     | XOM: destruction
 13472 | D:10     | XOM: enchant monster (good)
 13558 | D:10     | XOM: stat loss: -1 Str (12/13)
 13788 | D:10     | XOM: blink monster(s)
 13843 | D:10     | XOM: silly message
 14062 | D:10     | Found a sparkling altar of Nemelex Xobeh.
 14216 | D:9      | XOM: noise
 14262 | Lair:1   | Entered Level 1 of the Lair of Beasts
 14315 | Lair:1   | XOM: noise
 14319 | Lair:1   | Noticed Erica
 14332 | Lair:1   | Killed Erica
 14349 | Lair:1   | XOM: give mutations
 14349 | Lair:1   | Gained mutation: You have very sharp teeth. [Xom's grace]
 14349 | Lair:1   | Gained mutation: Your mind is very acute. (Int +8, Str/Dex
                  | -2) [Xom's grace]
 14349 | Lair:1   | Gained mutation: Your muscles are very strong. (Str +8,
                  | Int/Dex -2) [Xom's grace]
 14349 | Lair:1   | Gained mutation: You are extremely strong-willed. (Will+++)
                  | [Xom's grace]
 14421 | Lair:1   | XOM: cast spell 'Monstrous Menagerie'
 14564 | Lair:1   | XOM: 1-stop teleportation journey
 14606 | Lair:1   | Identified the +2 long sword "Hasmiedd" {venom, Will++}
 14639 | Lair:1   | XOM: smoke on damage
 14653 | Lair:1   | XOM: fake destruction
 14964 | Lair:2   | XOM: confuse monster(s)
 14974 | Lair:2   | Reached XP level 12. HP: 86/86 MP: 0/0
 15062 | Lair:2   | XOM: destruction
 15077 | Lair:2   | Reached skill level 7 in Fire Magic
 15234 | Lair:2   | XOM: fog
 15367 | Lair:2   | XOM: cleaving
 15370 | Lair:2   | XOM: enchant monster (good)
 15388 | Lair:2   | XOM: confuse monster(s)
 15406 | Lair:2   | XOM: enchant monster (good)
 15486 | Lair:2   | Found a hide-covered altar of Uskayaw.
 15626 | Lair:2   | Noticed a seven-headed hydra
 15635 | Lair:2   | Killed a four-headed hydra
 15637 | Lair:2   | XOM: summons 5 hostile demons
 15899 | Lair:2   | XOM: give mutation
 15899 | Lair:2   | Gained mutation: You are completely covered in iridescent
                  | scales. (AC +6) [Xom's grace]
 16009 | Lair:3   | Noticed a boulder beetle
 16012 | Lair:3   | XOM: polymorph komodo dragon -> hog
 16022 | Lair:2   | HP: 1/88 [hog (7)]
 16030 | Lair:2   | XOM: cast spell 'Iskenderun's Battlesphere'
 16036 | Lair:2   | XOM: cleaving
 16047 | Lair:2   | XOM: cast spell 'Animate Armour'
 16102 | Lair:2   | XOM: divination: detect items
 16133 | Lair:2   | XOM: summons friendly quasit
 16133 | Lair:2   | Killed a boulder beetle
 16196 | Lair:3   | Noticed a boulder beetle
 16207 | Lair:2   | XOM: cleaving
 16250 | Lair:2   | XOM: smoke on damage
 16251 | Lair:2   | XOM: potion effect (heal wounds)
 16282 | Lair:2   | Killed a boulder beetle
 16328 | Lair:3   | XOM: polymorph blink frog -> centaur
 16341 | Lair:3   | Reached XP level 13. HP: 66/93 MP: 0/0
 16341 | Lair:3   | Learned a level 5 spell: Borgnjor's Vile Clutch
 16392 | Lair:3   | XOM: cleaving
 16402 | Lair:3   | Identified the amulet "Veodoeg" {Reflect Str+6 Slay+2 SH+5}
                  | (Xom gifted it to you on level 3 of the Lair of Beasts)
 16402 | Lair:3   | XOM: god gift: amulet "Veodoeg" {Reflect Str+6 Slay+2 SH+5}
 16407 | Lair:3   | Reached skill level 8 in Fire Magic
 16514 | Lair:3   | Found a staircase to the Snake Pit.
 16562 | Lair:3   | Found a staircase to the Shoals.
 16651 | Lair:3   | Noticed a catoblepas
 16653 | Lair:3   | XOM: summons friendly white imp
 16666 | Lair:3   | Killed a catoblepas
 16794 | Lair:3   | Found a blossoming altar of Fedhas.
 16811 | Lair:3   | XOM: divination: detect items
 17017 | Lair:3   | XOM: god gift: sling {god gift}
 17357 | Lair:4   | XOM: enchant monster (good)
 17362 | Lair:4   | XOM: divine lightning
 17363 | Lair:4   | XOM: scenery: summon butterflies
 17371 | Lair:4   | XOM: scenery: create altars
 17439 | Lair:4   | XOM: confuse monster(s)
 17446 | Lair:4   | XOM: scenery: summon butterflies
 17497 | Lair:4   | XOM: god gift: 30 gold pieces
 17556 | Lair:4   | XOM: 2-stop teleportation journey
 17624 | Lair:4   | XOM: 2-stop teleportation journey
 17697 | Lair:4   | Reached skill level 10 in Dodging
 17878 | Lair:4   | XOM: noise
 18053 | Lair:4   | XOM: god gift: potion of heal wounds
 18184 | Lair:4   | XOM: noise
 18251 | Lair:4   | XOM: stat loss: -1 Str (21/22)
 18256 | Lair:4   | XOM: summons 2 hostile demons
 18365 | Lair:5   | Entered Level 5 of the Lair of Beasts
 18556 | Lair:5   | XOM: polymorph yak -> scorpion
 18598 | Lair:4   | XOM: noise
 18606 | Lair:4   | XOM: polymorph scorpion -> tengu
 18617 | Lair:5   | XOM: enchant monster (good)
 18743 | Lair:5   | Reached XP level 14. HP: 83/102 MP: 0/0
 18747 | Lair:5   | Reached skill level 9 in Fire Magic
 18925 | Lair:5   | XOM: swap monsters
 18927 | Lair:5   | XOM: confuse monster(s)
 18991 | Lair:5   | XOM: polymorph river rat -> fire bat
 19000 | Lair:5   | XOM: summons 7 friendly demons
 19039 | Lair:5   | Reached skill level 10 in Fighting
 19043 | Lair:5   | XOM: fog
 19060 | Lair:5   | XOM: 2-stop teleportation journey
 19107 | Lair:5   | XOM: confuse monster(s)
 19175 | Lair:5   | XOM: divine lightning
 19178 | Lair:5   | Noticed Sonja
 19185 | Lair:5   | XOM: divination: detect creatures
 19186 | Lair:5   | XOM: summons friendly iron imp
 19195 | Lair:5   | XOM: summons 12 friendly demons
 19236 | Lair:5   | XOM: summons 8 friendly demons
 19329 | Lair:5   | XOM: summons friendly ufetubus
 19389 | Lair:5   | Found a staircase to the Slime Pits.
 19390 | Lair:5   | Found a viscous altar of Jiyva.
 19416 | Lair:5   | Killed Sonja
 19514 | Lair:5   | XOM: polymorph wolf -> glowing orange brain
 19538 | Lair:5   | XOM: blink monster(s)
 19769 | Lair:5   | Noticed Josephine
 19784 | Lair:5   | Killed Josephine
 19785 | Lair:5   | Reached skill level 10 in Armour
 19799 | Lair:5   | XOM: noise
 19804 | Lair:5   | XOM: enchant monster (bad)
 19810 | Lair:5   | XOM: noise
 19825 | Lair:5   | XOM: blink monster(s)
 19835 | Lair:5   | XOM: cast spell 'Death Channel'
 19837 | Lair:5   | XOM: destruction
 19918 | Lair:5   | XOM: fog
 20109 | Lair:5   | Reached skill level 1 in Shields
 20163 | Lair:5   | XOM: god gift: 52 gold pieces
 20173 | Lair:5   | XOM: divination: detect items
 20175 | Lair:5   | XOM: fake destruction
 20198 | Lair:5   | XOM: divination: magic mapping
 20199 | Lair:5   | Reached XP level 15. HP: 109/109 MP: 0/0
 20199 | Lair:5   | Learned a level 6 spell: Plasma Beam
 20204 | Lair:5   | XOM: confuse monster(s)
 20282 | Lair:5   | Identified the ring "Jaojoeco" {Int+6 Dex+2}
 20477 | Lair:5   | XOM: cast spell 'Monstrous Menagerie'
 20941 | D:11     | XOM: confuse monster(s)
 20961 | D:11     | XOM: repel stairs
 21017 | D:11     | Found a blossoming altar of Fedhas.
 21042 | D:11     | Found a runed translucent gate.
 21043 | D:11     | Found a runed translucent gate.
 21045 | D:11     | Found a runed translucent gate.
 21047 | D:11     | Noticed pokeman's ghost (journeyman DEHW)
 21107 | D:11     | XOM: stat loss: -1 Str (21/22)
 21144 | D:11     | Noticed Snorg
 21144 | D:11     | XOM: 1-stop teleportation journey
 21152 | D:11     | Killed Snorg
 21153 | D:11     | Reached skill level 10 in Evocations
 21194 | D:11     | Identified the ring of Askoezif {rF+ SInv}
 21260 | D:11     | Reached skill level 10 in Spellcasting
 21260 | D:11     | Reached skill level 10 in Conjurations
 21260 | D:11     | Reached skill level 10 in Hexes
 21260 | D:11     | Reached skill level 10 in Summonings
 21260 | D:11     | Reached skill level 10 in Necromancy
 21260 | D:11     | Reached skill level 10 in Translocations
 21260 | D:11     | Reached skill level 10 in Fire Magic
 21260 | D:11     | Reached skill level 10 in Ice Magic
 21260 | D:11     | Reached skill level 10 in Air Magic
 21260 | D:11     | Reached skill level 10 in Earth Magic
 21260 | D:11     | Reached skill level 10 in Alchemy
 21734 | D:11     | Found a viscous altar of Jiyva.
 21736 | D:11     | XOM: noise
 21737 | D:11     | XOM: cast spell 'Summon Ice Beast'
 21777 | D:11     | Killed pokeman's ghost
 21889 | D:12     | Found a gate leading to a gauntlet.
 21898 | Gauntlet | Entered a Gauntlet
 21898 | Gauntlet | Found a transporter.
 21898 | Gauntlet | Found a runed translucent door.
 21898 | Gauntlet | Found a transporter.
 21898 | Gauntlet | Found a transporter.
 21898 | Gauntlet | Found a runed translucent door.
 21926 | Gauntlet | Found a transporter.
 21939 | Gauntlet | Found a transporter.
 21940 | Gauntlet | Found a transporter.
 21950 | Gauntlet | Found a transporter.
 21969 | Gauntlet | Found a transporter.
 21984 | Gauntlet | Found a transporter.
 21987 | Gauntlet | Found a transporter.
 21995 | Gauntlet | Found a transporter.
 21998 | Gauntlet | Found a transporter.
 22088 | Gauntlet | XOM: polymorph iron imp -> hellwing
 22137 | Gauntlet | Identified the +0 halberd of Absolution {freeze, Will+++
                  | MP-9 Int+2 Dex+3}
 22172 | Gauntlet | XOM: noise
 22179 | Gauntlet | Identified the +3 pair of gloves of Urchomyne {Regen+
                  | Int+3}
 22279 | D:12     | XOM: scenery: summon butterflies
 22477 | D:12     | XOM: summons friendly quasit
 22483 | D:12     | XOM: confuse monster(s)
 22560 | D:12     | Reached skill level 10 in Long Blades
 22854 | D:12     | XOM: scenery: create altars
 22952 | Orc:1    | Entered Level 1 of the Orcish Mines
 22999 | Orc:1    | XOM: divination: detect creatures
 23160 | Orc:1    | Found Xoamn's Jewellery Boutique.
 23412 | Orc:2    | Entered Level 2 of the Orcish Mines
 23476 | Orc:2    | XOM: silly message
 23532 | Orc:2    | Noticed an orc warlord
 23539 | Orc:2    | Killed an orc warlord
 23549 | Orc:2    | Reached skill level 11 in Fire Magic
 23549 | Orc:2    | Reached skill level 1 in Shapeshifting
 23568 | Orc:2    | XOM: silly message
 23667 | Orc:2    | XOM: divination: detect items
 23703 | Orc:2    | XOM: noise
 23711 | Orc:2    | XOM: polymorph orc priest -> rat
 23781 | Orc:2    | Found Wuamule's Antique Armour Shop.
 23782 | Orc:2    | Found Naippy's Antique Weapon Boutique.
 23784 | Orc:2    | Found Keoptem's General Store.
 23784 | Orc:2    | Found Jeudetz's Jewellery Shop.
 23790 | Orc:2    | Bought the ring of Tuloenn {rC+ MP+9 Int+3 Slay+3} for 687
                  | gold pieces
 23949 | Orc:2    | XOM: chaos upgrade
 24028 | Orc:2    | Found a staircase to the Elven Halls.
 24112 | Orc:2    | XOM: 4-stop teleportation journey
 24370 | D:13     | XOM: enchant monster (bad)
 24372 | D:13     | Reached XP level 16. HP: 82/116 MP: 0/0
 24822 | D:13     | XOM: 1-stop teleportation journey
 25487 | D:14     | Found a transporter.
 25489 | D:14     | Found a transporter.
 25489 | D:14     | Noticed Caupytet's ghost (weakling FoFi)
 25828 | D:14     | Found a gate to the Vaults.
 25839 | D:14     | XOM: god gift: wand of paralysis (5)
 26357 | D:15     | Entered Level 15 of the Dungeon
 26471 | D:15     | XOM: 1-stop teleportation journey
 26587 | D:15     | Found a frozen archway.
 26596 | IceCv    | Entered an ice cave
 26602 | IceCv    | XOM: smoke on damage
 26684 | IceCv    | XOM: scenery: summon butterflies
 26764 | IceCv    | XOM: scenery: create altars
 26765 | IceCv    | XOM: scenery: create altars
 26798 | IceCv    | XOM: smoke on damage
 26799 | IceCv    | Noticed a white draconian knight
 26799 | IceCv    | XOM: 4-stop teleportation journey
 26991 | IceCv    | XOM: cleaving
 27157 | IceCv    | Reached skill level 12 in Fire Magic
 27182 | IceCv    | XOM: polymorph white draconian -> glowing shapeshifter
 27185 | IceCv    | XOM: cleaving
 27187 | IceCv    | Killed a white draconian knight
 27211 | IceCv    | Identified the ring of Wu Jian's Favour {Wiz rElec rC++
                  | Str-3 Int+4}
 27221 | IceCv    | Identified the ring "Bomex" {rC+ rCorr Int+6 Dex-5}
 27621 | D:15     | Noticed an emperor scorpion
 27637 | D:15     | Killed an emperor scorpion
 27638 | D:15     | Reached skill level 5 in Shields
 27656 | D:15     | Found a staircase to the Depths.
 27747 | D:15     | Found a corrupted altar of Lugonu.
 27878 | D:15     | Noticed Rupert
 27883 | D:15     | Killed Rupert
 27929 | D:15     | XOM: give mutations
 27929 | D:15     | Lost mutation: You possess an exceptional clarity of mind.
                  | [Xom's mischief]
 27929 | D:15     | Lost mutation: You are completely covered in iridescent
                  | scales. (AC +6) [Xom's mischief]
 28325 | Shoals:1 | Entered Level 1 of the Shoals
 28334 | Shoals:1 | XOM: noise
 28405 | Shoals:1 | XOM: blink monster(s)
 28410 | Shoals:1 | XOM: noise
 28449 | Shoals:1 | XOM: give mutation
 28449 | Shoals:1 | Lost mutation: Your mind is very acute. (Int +8, Str/Dex
                  | -2) [Xom's mischief]
 28506 | Shoals:1 | Reached skill level 5 in Shapeshifting
 28523 | Shoals:1 | Upgraded the game from 0.31-a0-1540-g5a0b83f448 to
                  | 0.31-a0-1549-g5ff9445e89
 28595 | Shoals:1 | XOM: 1-stop teleportation journey
 28597 | Shoals:1 | Reached XP level 17. HP: 104/123 MP: 0/0
 28597 | Shoals:1 | Learned a level 6 spell: Death Channel
 28726 | Shoals:1 | XOM: summons 1 hostile shadow creature
 28792 | Shoals:1 | XOM: torment (69/123 hp)
 28858 | Shoals:1 | Found Goipta's Magic Scroll Shoppe.
 28866 | Shoals:1 | Bought a scroll of revelation for 105 gold pieces
 28866 | Shoals:1 | Bought a scroll of fear for 56 gold pieces
 28866 | Shoals:1 | Bought a scroll of teleportation for 42 gold pieces
 28866 | Shoals:1 | Bought 2 scrolls of brand weapon for 266 gold pieces
 28893 | Shoals:1 | XOM: summons 9 hostile demons
 29375 | Shoals:2 | Acquired 471 gold pieces
 29457 | Shoals:2 | Found a transporter.
 29459 | Shoals:2 | Noticed bobo's ghost (journeyman OnGl)
 29518 | Shoals:2 | XOM: 1-stop teleportation journey
 29902 | Shoals:2 | Found a transporter.
 30004 | Shoals:2 | XOM: god gift: 42 gold pieces
 30057 | Shoals:3 | XOM: swap monsters
 30489 | Shoals:3 | Noticed Jorgrun
 30493 | Shoals:3 | Killed Jorgrun
 30494 | Shoals:3 | Reached skill level 13 in Fire Magic
 30521 | Shoals:3 | Noticed Donald
 30526 | Shoals:3 | Killed Donald
 30727 | Shoals:3 | XOM: summons 6 hostile demons
 30847 | Shoals:2 | XOM: give mutation
 30847 | Shoals:2 | Lost mutation: You are extremely strong-willed. (Will+++)
                  | [Xom's mischief]
 30852 | Shoals:3 | XOM: polymorph water nymph -> shapeshifter
 31053 | Shoals:3 | Noticed a kraken
 31064 | Shoals:3 | Killed a kraken
 31118 | Shoals:4 | Entered Level 4 of the Shoals
 31131 | Shoals:4 | XOM: enchant monster (bad)
 31256 | Shoals:4 | Paralysed by an air elemental for 1 turns
 31323 | Shoals:4 | Paralysed by an air elemental for 1 turns
 31424 | Shoals:4 | Noticed a storm dragon
 31435 | Shoals:4 | XOM: confusion
 31459 | Shoals:4 | XOM: swap monsters
 31472 | Shoals:4 | Killed a storm dragon
 31516 | Shoals:4 | Reached XP level 18. HP: 116/132 MP: 0/0
 31671 | Shoals:4 | Noticed Kirke
 31676 | Shoals:4 | Killed Kirke
 31682 | Shoals:4 | XOM: noise
 31762 | Shoals:4 | Found a stormy altar of Qazlal.
 31783 | Shoals:4 | Reached skill level 14 in Fire Magic
 31886 | Shoals:4 | XOM: god gift: book of Armaments
 31958 | Shoals:4 | Identified the ring "Semyufi" {rPois Int+6}
 31970 | Shoals:4 | Got a barnacled rune of Zot
 32217 | Snake:1  | Entered Level 1 of the Snake Pit
 32239 | Snake:1  | XOM: snakes to sticks
 32305 | Snake:1  | XOM: summons friendly ufetubus
 32421 | Snake:1  | XOM: scenery: summon butterflies
 32563 | Snake:1  | XOM: give mutations
 32563 | Snake:1  | Lost mutation: You are resistant to electric shocks.
                  | (rElec) [Xom's mischief]
 32563 | Snake:1  | Lost mutation: Your mind is acute. (Int +4, Str/Dex -1)
                  | [Xom's mischief]
 32616 | Snake:1  | XOM: destruction
 32633 | Snake:1  | XOM: torment (76/135 hp)
 32775 | Snake:1  | XOM: 1-stop teleportation journey
 32839 | Snake:1  | XOM: god gift: 2 potions of heal wounds
 32971 | Snake:1  | XOM: polymorph naga sharpshooter -> shapeshifter
 33388 | Snake:1  | XOM: summons friendly quasit
 33928 | Snake:2  | XOM: cloud trail
 34144 | Snake:2  | Reached skill level 15 in Fire Magic
 34220 | Snake:2  | XOM: cloud trail
 34222 | Snake:2  | XOM: give mutations
 34222 | Snake:2  | Gained mutation: You are covered in fur. (AC +1) [Xom's
                  | grace]
 34222 | Snake:2  | Gained mutation: Your natural rate of healing is unusually
                  | fast. [Xom's grace]
 34235 | Snake:2  | XOM: enchant monster (good)
 34353 | Snake:2  | You are sucked into a shaft and drop 1 floor!
 34402 | Snake:3  | XOM: fake destruction
 34428 | Snake:3  | Reached XP level 19. HP: 129/141 MP: 0/0
 34428 | Snake:3  | Learned a level 7 spell: Summon Hydra
 34455 | Snake:3  | XOM: give mutation
 34455 | Snake:3  | Gained mutation: You passively map a small area around you.
                  | [Xom's grace]
 34640 | Snake:3  | XOM: confuse monster(s)
 34713 | Snake:3  | Reached skill level 10 in Shapeshifting
 34908 | Snake:3  | XOM: god gift: wand of paralysis (4)
 35011 | Snake:3  | Identified the +0 chain mail "Muyh" {-Tele rCorr Str+3}
 35166 | Snake:4  | Entered Level 4 of the Snake Pit
 35166 | Snake:4  | Noticed Vashnia
 35169 | Snake:4  | XOM: god gift: 624 gold pieces
 35173 | Snake:4  | XOM: fog
 35381 | Snake:4  | XOM: 6-stop teleportation journey
 35397 | Snake:3  | XOM: cast spell 'Chain of Chaos'
 35588 | Snake:4  | Killed Vashnia
 35589 | Snake:4  | Reached skill level 16 in Fire Magic
 35821 | Snake:4  | XOM: cloud trail
 36050 | Snake:4  | XOM: scenery: 2 doors close
 36069 | Snake:4  | XOM: give mutations
 36069 | Snake:4  | Lost mutation: You are highly strong-willed. (Will++)
                  | [Xom's mischief]
 36069 | Snake:4  | Gained mutation: You are partially covered in large bone
                  | plates. (SH +4) [Xom's mischief]
 36069 | Snake:4  | Lost mutation: You passively map a small area around you.
                  | [Xom's mischief]
 36246 | Snake:4  | Reached skill level 17 in Fire Magic
 36281 | Snake:4  | Got a serpentine rune of Zot
 36472 | Snake:4  | XOM: scenery: summon butterflies
 37003 | Elf:1    | Entered Level 1 of the Elven Halls
 37013 | Elf:1    | Reached XP level 20. HP: 122/148 MP: 0/0
 37013 | Elf:1    | XOM: god gift: potion of magic
 37019 | Elf:1    | XOM: silly message
 37208 | Elf:1    | XOM: enchant monster (good)
 37515 | Elf:1    | Paralysed by an air elemental for 1 turns
 37648 | Elf:1    | XOM: give mutations
 37648 | Elf:1    | Lost mutation: You are strong-willed. (Will+) [Xom's
                  | mischief]
 37648 | Elf:1    | Lost mutation: You are partially covered in large bone
                  | plates. (SH +4) [Xom's mischief]
 37648 | Elf:1    | Gained mutation: You occasionally lose the ability to drink
                  | potions when taking damage. [Xom's mischief]
 37682 | Elf:1    | XOM: summons 1 hostile shadow creature
 37713 | Elf:1    | XOM: give mutations
 37713 | Elf:1    | Lost mutation: You occasionally lose the ability to drink
                  | potions when taking damage. [Xom's mischief]
 37713 | Elf:1    | Lost mutation: You have a pair of small horns on your head.
                  | [Xom's mischief]
 37713 | Elf:1    | Gained mutation: Your body sometimes deteriorates upon
                  | taking damage. [Xom's mischief]
 37713 | Elf:1    | Gained mutation: Your mind is acute. (Int +4, Str/Dex -1)
                  | [Xom's mischief]
 37810 | Elf:2    | XOM: polymorph four-headed hydra -> two-headed ogre
 37810 | Elf:2    | Paralysed by an air elemental for 1 turns
 37885 | Elf:2    | Found a crumbling gateway.
 37887 | Elf:2    | Found a glowing silver altar of Zin.
 37887 | Elf:2    | Found a white marble altar of Elyvilon.
 37902 | Elf:2    | Found a glowing golden altar of the Shining One.
 37908 | Desolati | Entered the Desolation of Salt
 37910 | Desolati | XOM: give mutations
 37910 | Desolati | Lost mutation: Your body sometimes deteriorates upon taking
                  | damage. [Xom's mischief]
 37910 | Desolati | Lost mutation: You are covered in fur. (AC +1) [Xom's
                  | mischief]
 37910 | Desolati | Gained mutation: Your mind is very acute. (Int +8, Str/Dex
                  | -2) [Xom's mischief]
 37935 | Desolati | XOM: silly message
 37951 | Desolati | XOM: draining
 37952 | Desolati | XOM: noise
 37983 | Desolati | Reached skill level 18 in Fire Magic
 38054 | Desolati | Identified the -1 pair of boots "Cugoikkaczu" {Str+3}
 38057 | Desolati | Identified the +9 mace "Zaypig" {freeze, rPois rC+ Int+3}
 38095 | Desolati | Identified the +6 scale mail of Contentment {rF- rCorr
                  | SInv}
 38147 | Desolati | Identified the +1 shortbow of Sunlight {freeze, Fly rN+}
 38181 | Desolati | Identified the +0 ring mail "Tiumil" {Fly rN+ Stlth+}
 38187 | Desolati | Identified the +7 plate armour "Peniafets" {Int+5}
 38191 | Desolati | Identified the +4 dire flail "Xommodo" {heavy, rN+}
 38294 | Desolati | XOM: confusion (+ monsters)
 38331 | Desolati | XOM: noise
 38333 | Desolati | XOM: summons 2 hostile demons
 38334 | Desolati | XOM: enchant monster (bad)
 38341 | Desolati | Reached skill level 15 in Spellcasting
 38341 | Desolati | Reached skill level 15 in Conjurations
 38341 | Desolati | Reached skill level 15 in Hexes
 38341 | Desolati | Reached skill level 15 in Summonings
 38341 | Desolati | Reached skill level 15 in Necromancy
 38341 | Desolati | Reached skill level 15 in Translocations
 38341 | Desolati | Reached skill level 15 in Ice Magic
 38341 | Desolati | Reached skill level 15 in Air Magic
 38341 | Desolati | Reached skill level 15 in Earth Magic
 38341 | Desolati | Reached skill level 15 in Alchemy
 38368 | Desolati | Found the +9 scales of the Dragon King {rPois rF+ rC+
                  | Will+}
 38375 | Desolati | Identified the +7 great mace of the Past {protect, rPois
                  | rCorr Str+4 Dex-2}
 38384 | Desolati | XOM: noise
 38419 | Desolati | Found the -2 hat of the Alchemist {rElec rPois rF+ rC+ rN+
                  | Will+ rMut rCorr}
 38430 | Desolati | Identified the +4 battleaxe "Ysichuoh" {antimagic, Str+5}
 38434 | Desolati | Identified the ring of the Crown {Ice *Slow rPois Str+2
                  | Dex+3}
 38591 | Desolati | XOM: cast spell 'Disjunction'
 38619 | Desolati | XOM: noise
 38628 | Desolati | Reached XP level 21. HP: 116/154 MP: 0/0
 38628 | Desolati | Learned a level 7 spell: Monstrous Menagerie
 38712 | Desolati | Reached skill level 19 in Fire Magic
 38735 | Desolati | XOM: 1-stop teleportation journey
 38824 | Desolati | XOM: divination: detect items
 39291 | Elf:2    | Found a runed translucent gate.
 39292 | Elf:2    | Found a runed translucent gate.
 39292 | Elf:2    | Found a runed translucent gate.
 39529 | Elf:2    | XOM: divination: detect items
 39654 | Elf:2    | XOM: smoke on damage
 39994 | Elf:3    | Entered Level 3 of the Elven Halls
 40373 | Elf:3    | XOM: summons 4 friendly demons
 40373 | Elf:3    | Paralysed by an air elemental for 1 turns
 40377 | Elf:3    | Paralysed by an air elemental for 1 turns
 40378 | Elf:3    | XOM: divination: magic mapping
 40468 | Elf:3    | Noticed Roxanne
 40506 | Elf:3    | XOM: butterfly on damage
 40510 | Elf:3    | Killed Roxanne
 40664 | Elf:3    | Identified the ring of the Chimera {+Blink Int+6}
 40665 | Elf:3    | Identified the ring "Olufez" {MP-9 Str+4 Dex+5 SInv}
 40703 | Elf:3    | Identified the +2 arbalest "Humik" {speed, rC+}
 40715 | Elf:3    | Found the +2 hat of the Bear Spirit {Spirit, Bear, *Rage
                  | Will++}
 40797 | Elf:3    | Identified the staff "Uronoeqapp" {Will+ Conj}
 40804 | Elf:3    | Identified the ring of Xom's Whimsicality {rF+ Will+ Int+3
                  | Dex+3}
 40882 | Elf:3    | Found Onisergh's Jewellery Emporium.
 40883 | Elf:3    | Found Ruschook's Book Shop.
 40885 | Elf:3    | Found Saniorotz's Jewellery Emporium.
 41011 | Orc:2    | XOM: god gift: 28 gold pieces
 41192 | Vaults:1 | Entered Level 1 of the Vaults
 41226 | Vaults:1 | XOM: divination: magic mapping
 41229 | Vaults:1 | XOM: give mutations
 41229 | Vaults:1 | Lost mutation: You have very sharp teeth. [Xom's mischief]
 41229 | Vaults:1 | Lost mutation: Your mind is very acute. (Int +8, Str/Dex
                  | -2) [Xom's mischief]
 41234 | Vaults:1 | XOM: 5-stop teleportation journey
 41253 | Vaults:1 | Reached skill level 20 in Fire Magic
 41355 | Vaults:1 | XOM: cast spell 'Death Channel'
 41389 | Vaults:1 | XOM: fog
 41394 | Vaults:1 | Reached XP level 22. HP: 142/160 MP: 0/0
 41728 | Vaults:1 | Reached skill level 15 in Shapeshifting
 42008 | Vaults:1 | XOM: give mutations
 42008 | Vaults:1 | Gained mutation: Your mind is very acute. (Int +8, Str/Dex
                  | -2) [Xom's grace]
 42008 | Vaults:1 | Gained mutation: You passively dampen the noise of your
                  | surroundings. [Xom's grace]
 42036 | Vaults:1 | Identified the +4 orcbow "Bodeyhagh" {freeze, Dex+3}
 42087 | Vaults:1 | Found a portal to a secret trove of treasure.
 42404 | Orc:2    | Bought the +5 plate armour "Ecsoj" {rF+ rC+ Will- Regen+
                  | Int+4} for 1098 gold pieces
 42710 | Vaults:1 | You paid a toll of the plate armour "Ecsoj" to enter a
                  | treasure trove
 42711 | Trove    | Entered a treasure trove
 42718 | Trove    | Identified the amulet of Xom's Full Attention {Acrobat
                  | Str+3}
 42721 | Trove    | Identified the ring of Ignis's Favour {rF+ Will+ Str-3
                  | Dex+6 Stlth-}
 42722 | Trove    | Identified the ring of Muntitao {rF+ Int+2 Dex+9 Slay+4
                  | Stlth-}
 42725 | Trove    | Identified the ring "Ojal" {rPois Will+}
 42726 | Trove    | Identified the ring of Wonder {Fly rC+ Will+ Str-2}
 42728 | Trove    | Identified the ring "Teblesymah" {Will+ Str+3}
 42730 | Trove    | Identified the ring "Toof" {rF- Str+7 Int+6 Dex+6}
 42731 | Trove    | Identified the ring "Numaim" {^Drain rC+ rN++ Slay+5}
 42732 | Trove    | Identified the ring of Pantheism {rN+ EV+5 Str+2 Stlth+}
 42806 | Vaults:1 | XOM: noise
 42807 | Vaults:1 | XOM: noise
 42814 | Vaults:1 | XOM: chaos upgrade
 42815 | Vaults:1 | XOM: potion effect (might)
 42970 | Vaults:1 | Found a runed translucent door.
 42972 | Vaults:1 | Noticed Luiw's ghost (veteran HOBe)
 42976 | Vaults:1 | XOM: swap monsters
 42988 | Vaults:1 | Killed Luiw's ghost
 43024 | Vaults:1 | XOM: god gift: 2 stones
 43174 | Vaults:2 | XOM: cloud trail
 43189 | Vaults:2 | XOM: god gift: +2 scimitar of chaos
 43250 | Vaults:2 | XOM: summons 1 hostile demon
 43372 | Vaults:2 | Found Filat's Magic Scroll Boutique.
 43377 | Vaults:2 | Bought a scroll of acquirement for 936 gold pieces
 43377 | Vaults:2 | Bought a scroll of blinking for 135 gold pieces
 43377 | Vaults:2 | Bought a scroll of revelation for 135 gold pieces
 43377 | Vaults:2 | Acquired 1342 gold pieces
 43415 | Vaults:2 | Found Raitolyo's Armour Shoppe.
 43435 | Vaults:2 | Found a magical portal.
 43444 | WizLab   | Entered Iskenderun's Mystic Tower
 43650 | WizLab   | Reached skill level 21 in Fire Magic
 43704 | WizLab   | XOM: scenery: summon butterflies
 43896 | WizLab   | XOM: enchant monster (good)
 44127 | Vaults:2 | XOM: god gift: robe {god gift}
 44198 | Vaults:2 | XOM: god gift: wand of paralysis (7)
 44240 | Vaults:2 | Found a staircase to the Crypt.
 44630 | Vaults:2 | XOM: destruction
 44740 | Vaults:2 | You are sucked into a shaft and drop 1 floor!
 44750 | Vaults:3 | XOM: summons friendly ufetubus
 44865 | Vaults:3 | Reached XP level 23. HP: 163/166 MP: 0/0
 44865 | Vaults:3 | Learned a level 8 spell: Ignition
 44877 | Vaults:3 | XOM: give mutations
 44877 | Vaults:3 | Gained mutation: You possess an exceptional clarity of
                  | mind. [Xom's grace]
 44877 | Vaults:3 | Gained mutation: You passively map a small area around you.
                  | [Xom's grace]
 44877 | Vaults:3 | Gained mutation: You are strong-willed. (Will+) [Xom's
                  | grace]
 44879 | Vaults:3 | XOM: 1-stop teleportation journey
 44964 | Vaults:3 | XOM: confuse monster(s)
 45007 | Vaults:3 | Identified the orb "Hung" {light, rPois Dex-5 Stlth+}
 45007 | Vaults:3 | Noticed Frederick
 45012 | Vaults:3 | Killed Frederick
 45013 | Vaults:3 | Reached skill level 22 in Fire Magic
 45327 | Vaults:3 | XOM: cleaving
 45501 | Vaults:3 | XOM: silly message
 45629 | Vaults:3 | XOM: give mutations
 45629 | Vaults:3 | Lost mutation: Your muscles are very strong. (Str +8,
                  | Int/Dex -2) [Xom's mischief]
 45629 | Vaults:3 | Lost mutation: Your mind is very acute. (Int +8, Str/Dex
                  | -2) [Xom's mischief]
 45629 | Vaults:3 | Gained mutation: You occasionally shout uncontrollably at
                  | your foes. [Xom's mischief]
 45837 | Vaults:2 | XOM: 1-stop teleportation journey
 46197 | Vaults:4 | XOM: enchant monster (bad)
 46494 | Vaults:4 | XOM: scenery: create altars
 46574 | Vaults:4 | XOM: 1-stop teleportation journey
 46639 | Vaults:4 | XOM: summons 10 friendly demons
 46640 | Vaults:4 | XOM: confuse monster(s)
 46651 | Vaults:4 | Reached skill level 23 in Fire Magic
 46678 | Vaults:4 | XOM: polymorph dire elephant -> spark wasp
 46693 | Vaults:4 | XOM: cloud trail
 46710 | Vaults:4 | XOM: silly message
 46751 | Vaults:4 | XOM: silly message
 46843 | Vaults:4 | XOM: divination: magic mapping
 46851 | Vaults:4 | XOM: swap monsters
 46855 | Vaults:4 | XOM: enchant monster (good)
 46867 | Vaults:4 | XOM: polymorph hell rat -> ufetubus
 46988 | Vaults:4 | XOM: silly message
 47253 | Crypt:1  | XOM: noise
 47253 | Crypt:1  | Entered Level 1 of the Crypt
 47274 | Crypt:1  | Reached XP level 24. HP: 165/172 MP: 0/0
 47394 | Crypt:1  | Noticed Pimiptod's ghost (adept MiFi)
 47400 | Crypt:1  | Noticed Boris
 47403 | Crypt:1  | XOM: cleaving
 47406 | Crypt:1  | Killed Boris
 47452 | Crypt:1  | Found a runed translucent door.
 47537 | Crypt:1  | Noticed Margery
 47537 | Crypt:1  | XOM: 8-stop teleportation journey
 47538 | Crypt:1  | You are sucked into a shaft and drop 1 floor!
 47612 | Crypt:2  | XOM: 4-stop teleportation journey
 47664 | Crypt:2  | Identified the +5 long sword "Qeirch" {elec, rPois Str+3
                  | Int+3 Dex+2}
 47671 | Crypt:2  | XOM: blink monster(s)
 47881 | Crypt:2  | XOM: cast spell 'Iskenderun's Battlesphere'
 47892 | Crypt:2  | XOM: give mutations
 47892 | Crypt:2  | Gained mutation: Your mind is very acute. (Int +8, Str/Dex
                  | -2) [Xom's grace]
 47892 | Crypt:2  | Gained mutation: You have a pair of small horns on your
                  | head. [Xom's grace]
 47944 | Crypt:2  | XOM: 3-stop teleportation journey
 48688 | Crypt:1  | Killed Margery
 48790 | Crypt:1  | XOM: give mutations
 48790 | Crypt:1  | Gained mutation: You are resistant to electric shocks.
                  | (rElec) [Xom's grace]
 48790 | Crypt:1  | Gained mutation: You passively map the area around you.
                  | [Xom's grace]
 48985 | Crypt:1  | XOM: cloud trail
 49060 | Crypt:1  | XOM: god gift: scroll of blinking
 49107 | Crypt:3  | Entered Level 3 of the Crypt
 49139 | Crypt:3  | XOM: confuse monster(s)
 49317 | Crypt:3  | XOM: enchant monster (good)
 49332 | Crypt:3  | XOM: fog
 49363 | Crypt:3  | XOM: 1-stop teleportation journey
 49452 | Crypt:3  | XOM: cleaving
 49461 | Crypt:3  | Reached XP level 25. HP: 150/177 MP: 0/0
 49461 | Crypt:3  | Learned a level 8 spell: Infestation
 49634 | Crypt:3  | Found a basalt altar of Yredelemnul.
 49634 | Crypt:3  | XOM: god gift: 36 gold pieces
 49781 | Crypt:3  | Noticed Boris
 49790 | Crypt:3  | Killed Boris
 49809 | Crypt:3  | XOM: potion effect (haste)
 49905 | Crypt:3  | XOM: divination: detect creatures
 49924 | Crypt:3  | XOM: divination: detect items
 50248 | Crypt:3  | Found a staircase to the Tomb.
 50370 | Crypt:3  | Identified the +2 pair of gloves "Sef Awku" {Regen+}
 50371 | Crypt:3  | Identified the +10 eveningstar of the Saviour {antimagic,
                  | rCorr Str+2 Int+9}
 50434 | Crypt:3  | Identified the +5 plate armour of Wytuhuw {Str+3}
 50603 | Vaults:5 | Entered Level 5 of the Vaults
 50668 | Vaults:4 | XOM: silly message
 50713 | Vaults:4 | XOM: give mutations
 50713 | Vaults:4 | Lost mutation: You are strong-willed. (Will+) [Xom's
                  | mischief]
 50713 | Vaults:4 | Lost mutation: You have a pair of small horns on your head.
                  | [Xom's mischief]
 50808 | Vaults:4 | XOM: summons 4 hostile shadow creatures
 50860 | Vaults:3 | XOM: summons 13 hostile demons
 50888 | Vaults:4 | XOM: summons 10 hostile demons
 50985 | Vaults:4 | XOM: scenery: 2 doors close
 51058 | Vaults:4 | XOM: chaos cloud
 51063 | Vaults:4 | HP: 6/177 [tentacled monstrosity (14)]
 51063 | Vaults:4 | Killed from afar by a quicksilver dragon

Illustrated notes

Levels and vault maps discovered:
D:1:      scummos_arrival_gate, layout_loops_corners
D:2:      layout_basic, basic_altar
D:3:      layout_basic, basic_ecumenical_altar, serial_shops,
          nicolae_lakefront_shop, cheibrodos_sewer_entry_bend
D:4:      layout_rooms, minmay_misc_feat_rows, minmay_misc_feat_tiny
D:5:      layout_cave_pools, trog_ov_bears_minmay,
          mainiacjoe_overflow_boulevard, serial_shops,
          nicolae_shop_tiny_statue_garden, nicolae_twisty_statue_hallways
D:6:      layout_basic, grunt_dithmenos_shadows, temple_hall
D:7:      layout_basic
D:8:      layout_basic, nicolae_overflow_hallway_of_the_gods, lair_entry_dummy,
          uniq_grum
D:9:      layout_loops_corners, nicolae_wu_jian_immortal_techniques
D:10:     layout_stronghold, general_overflow_altar, zombieorc2_lemuel,
          corexii_corridor_pit
D:11:     layout_basic, gammafunk_ghost_ooze, fedhas_ov_isle_minmay, uniq_snorg
D:12:     layout_long_grid, gauntlet_entry_generic, abandoned_shop
D:13:     layout_stronghold, kennysheep_opposing_triangles
D:14:     layout_basic, erik_vaults_1, gammafunk_ghost_mausoleum,
          minmay_misc_feat_nine_boxes
D:15:     hangedman_depths_entry_try_elsewhere_first, layout_cave_pods,
          grunt_decor_arrowhead, portal_ice_cave_entry_pillars_four,
          marbit_kobold_abyssish, uniq_rupert
Lair:1:   layout_gridlike, serial_bayou_crossing, uniq_erica
Lair:2:   layout_roguey, lemuel_centaur_altar
Lair:3:   layout_roguey, minmay_shoals_entry_lonely_mermaid,
          nicolae_snake_entry_squirm, st_stairs_11, hangedman_tree_tricks
Lair:4:   layout_hall_layers, infiniplex_staircase_pool_2
Lair:5:   minmay_lair_end_enchanted_forest, layout_regular_city,
          minmay_slime_entry_eyes, infiniplex_staircase_pool, uniq_josephine,
          uniq_sonja
Shoals:1: layout_shoals, serial_shops, shop_scrolls, nicolae_shoals_undead_eyrie
Shoals:2: layout_shoals, gammafunk_ghost_arena,
          nicolae_shoals_lost_giant_pillars
Shoals:3: layout_shoals, uniq_donald, uniq_jorgrun
Shoals:4: shoals_end_hellmonk_storm_palace [storm_palace_center_ruins,
          storm_palace_corner_reverse_hut, storm_palace_corner_pillars,
          storm_palace_corner_grid, storm_palace_corner_altar], uniq_kirke
Snake:1:  nicolae_snake_shooting_gallery, layout_chambers, lemuel_fruit_tree
Snake:2:  layout_gridlike, grunt_megastairs_1
Snake:3:  layout_layer_cave, st_stairs_11, nicolae_snake_salamander_fort
Snake:4:  grunt_snake_rune_serpentine_throne, layout_cave_town, uniq_vashnia
Orc:1:    layout_caves, serial_shops, shop
Orc:2:    st_orc_congregation, layout_diamond_mine
Elf:1:    layout_loops_ring, minivault_28
Elf:2:    nicolae_elf_blades_crystal_corner, layout_onion_city,
          portal_desolation_entry_holy_temple
Elf:3:    minmay_elf_hall, layout_geoelf_diagonals, minmay_shop_grove,
          uniq_roxanne
Vaults:1: ebering_ghost_reflecting_pool, vaults_room_hallway,
          nicolae_vaults_windows_and_doors_thing, st_cells,
          nicolae_vaults_tetromino_T_1, nicolae_vaults_double_plus_2,
          nicolae_vaults_sesquioval_fish, nicolae_vaults_trapezoid_lopsided_3,
          v_misc_18, v_misc_9, hangedman_vaults_nodes, hangedman_vaults_stream,
          nicolae_vaults_ring_of_whatevers, vaults_room_hallway,
          ontoclasm_vaults_shuriken, nicolae_vaults_trapezoid_4,
          layout_vaults_omnicross, serial_shops, nicolae_trove_entry_crystal
Vaults:2: mu_enter_wizlab_6, hangedman_vaults_locks,
          minmay_crypt_entry_simple_box, nicolae_vaults_double_plus_2,
          dpeg_vaults_monster_box, v_misc_22,
          nicolae_vaults_taking_the_gang_shopping, ontoclasm_vaults_tryst,
          ontoclasm_vaults_twist, nicolae_vaults_little_squares_6,
          layout_vaults_omnigrid, serial_shops, nicolae_shop_hallway_plus
Vaults:3: nicolae_vaults_crenellated_ambush, v_misc_18,
          nicolae_vaults_diamond_2, nicolae_vaults_closet_pinwheel_6, v_rooms_1,
          hangedman_vaults_restitches, nicolae_vaults_tetromino_Z_1,
          hangedman_vaults_maws, ontoclasm_vaults_chip, layout_vaults_ring,
          uniq_frederick
Vaults:4: nicolae_vaults_house_2, nicolae_vaults_tetromino_Z_1,
          nicolae_vaults_diagonal_hallway_9, vaults_room_hallway, v_misc_28,
          nicolae_vaults_storage_closets_3,
          nicolae_vaults_shipping_containers_3, nicolae_vaults_six-pack,
          nicolae_vaults_tetromino_T_2, vaults_room_ringed_pool, v_misc_28,
          v_alt_pattern_6, hangedman_vaults_impose, layout_vaults_big_room
Vaults:5
Crypt:1:  layout_misc_corridors, hellmonk_ghost_big_iron,
          grunt_crypt_arrival_split, uniq_boris, uniq_margery
Crypt:2:  layout_catacombs, minivault_11
Crypt:3:  lightli_unholy_cathedral, layout_chaotic_city,
          nicolae_tomb_entry_rubble_hallway, grunt_megastairs_4

Skill      XL: |  1  2  3  4  5  6  7  8  9 10 11 12 13 14 15 16 17 18 19 20 21 22 23 24 25 |
---------------+----------------------------------------------------------------------------+-----
Spellcasting   | 1 2 3 4 5 6 7 8 9 10 11 12 14 15 16 17 18 | 18.5
Conjurations   | 1 2 3 4 5 6 7 8 9 10 11 12 14 15 16 17 18 | 18.5
Hexes          | 1 2 3 4 5 6 7 8 9 10 11 12 14 15 16 17 18 | 18.5
Summonings     | 1 2 3 4 5 6 7 8 9 10 11 12 14 15 16 17 18 | 18.5
Necromancy     | 1 2 3 4 5 6 7 8 9 10 11 12 14 15 16 18 20 | 20.7
Translocations | 1 2 3 4 5 6 7 8 9 10 11 12 14 15 16 17 18 | 18.5
Fire Magic     | 1 2 3 4 5 6 7 8 9 11 12 13 15 17 18 20 21 23 | 23.6
Ice Magic      | 1 2 3 4 5 6 7 8 9 10 11 12 14 15 16 17 18 | 18.5
Air Magic      | 1 2 3 4 5 6 7 8 9 10 11 12 14 15 16 17 18 | 18.5
Earth Magic    | 1 2 3 4 5 6 7 8 9 10 11 12 14 15 16 17 18 | 18.5
Alchemy        | 1 2 3 4 5 6 7 8 9 10 11 12 14 15 16 17 18 | 18.5
Long Blades    | 3 4 5 6 7 8 9 10 | 10.6
Armour         | 2 3 4 5 6 7 8 9 10 11 12 13 | 13.3
Dodging        | 3 4 5 7 8 9 10 11 12 | 12.4
Evocations     | 1 2 3 4 5 6 7 9 10 | 10.0
Fighting       | 4 5 6 7 8 9 10 11 12 13 14 | 14.8
Shields        | 1 4 5 7 |  7.5
Shapeshifting  | 2 5 7 9 11 13 14 16 17 19 20 | 20.8

Action                     |  1- 3 |  4- 6 |  7- 9 | 10-12 | 13-15 | 16-18 | 19-21 | 22-24 | 25-27 || total
---------------------------+-------+-------+-------+-------+-------+-------+-------+-------+-------++-------
  Melee: Falchion          |    78 |   194 |   123 |       |       |       |       |       |       ||   395
         Punch             |     1 |     3 |     8 |     8 |    14 |       |       |       |       ||    34
         Headbutt          |       |       |    32 |   184 |   370 |   136 |    80 |    35 |    27 ||   864
         Long sword        |       |       |   116 |   506 |  1325 |   411 |   356 |       |       ||  2714
         Scimitar          |       |       |       |   280 |    73 |     3 |       |       |       ||   356
         Bite              |       |       |       |    50 |   208 |    72 |   112 |       |       ||   442
         Double sword      |       |       |       |       |       |       |   213 |   691 |   228 ||  1132
   Cast: Jinxbite          |       |       |     6 |    23 |    11 |     2 |       |       |       ||    42
         Manifold Assault  |       |       |       |    22 |    70 |     4 |       |    83 |    14 ||   193
         Borgnjor's Vile C |       |       |       |       |    30 |    90 |    74 |    48 |     7 ||   249
         Plasma Beam       |       |       |       |       |    41 |   397 |   342 |   404 |    59 ||  1243
         Death Channel     |       |       |       |       |       |     2 |     3 |       |       ||     5
         Summon Hydra      |       |       |       |       |       |       |     7 |       |       ||     7
  Evoke: Wand              |       |       |       |     6 |     8 |     2 |       |     2 |       ||    18
         Lightning rod     |       |       |       |       |       |       |     1 |       |       ||     1
    Use: Scroll            |       |     6 |     9 |     9 |     7 |     3 |     8 |     2 |     7 ||    51
         Potion            |       |       |       |       |     2 |     6 |     1 |     2 |     4 ||    15
   Stab: Petrified         |     3 |       |       |       |     7 |       |       |       |       ||    10
         Sleeping          |     1 |     2 |     1 |       |     1 |       |       |       |       ||     5
         Distracted        |       |       |     3 |       |     3 |     2 |     1 |     2 |       ||    11
         Paralysed         |       |       |       |    23 |    11 |       |     2 |       |       ||    36
         Confused          |       |       |       |     1 |     7 |     3 |       |     4 |       ||    15
         Invisible         |       |       |       |       |       |     1 |       |       |       ||     1
 Armour: Leather armour    |    40 |   143 |   224 |   549 |   583 |       |       |       |       ||  1539
         Acid dragon scale |       |       |       |       |   216 |   245 |   343 |       |       ||   804
         Gold dragon scale |       |       |       |       |       |       |   145 |   452 |   411 ||  1008
  Dodge: Dodged            |    41 |   177 |   220 |   789 |  1016 |   299 |   385 |   136 |    92 ||  3155
  Block: Other             |       |       |       |       |   135 |       |       |       |       ||   135
         Buckler           |       |       |       |       |   397 |   256 |   478 |   338 |   195 ||  1664
         Reflection        |       |       |       |       |    11 |    39 |    53 |    16 |     1 ||   120
         Kite shield       |       |       |       |       |       |   103 |       |       |       ||   103

Table legend: (Time is in decaauts)
 A = Elapsed time spent in this place.
 B = Non-inter-level travel time spent in this place.
 C = Inter-level travel time spent in this place.
 D = Time resting spent in this place.
 E = Time spent auto-exploring this place.
 F = Levels seen in this place.
 G = Mean time per level.
                   A        B        C        D        E       F      G
               +--------+--------+--------+--------+--------+-----+--------+
         Total |  51160 |  47474 |   3686 |   8260 |  27723 |  47 | 1088.5 |
       Dungeon |  19427 |  17821 |   1606 |   5656 |   9266 |  15 | 1295.1 |
          Lair |   6813 |   6378 |    435 |    806 |   3597 |   5 | 1362.6 |
        Shoals |   3853 |   3694 |    159 |    465 |   2368 |   4 |  963.2 |
     Snake Pit |   4539 |   4299 |    240 |    312 |   2997 |   4 | 1134.8 |
  Orcish Mines |   1678 |   1272 |    406 |     41 |    795 |   2 |  839.0 |
   Elven Halls |   2675 |   2565 |    110 |     95 |   1859 |   3 |  891.7 |
        Vaults |   5501 |   4950 |    551 |    303 |   3365 |   5 | 1100.2 |
         Crypt |   3270 |   3094 |    176 |    217 |   2076 |   3 | 1090.0 |
         Trove |     60 |     60 |      0 |      0 |      3 |   1 |   60.0 |
         Sewer |    326 |    326 |      0 |      0 |    232 |   1 |  326.0 |
      Ice Cave |    800 |    800 |      0 |    254 |    137 |   1 |  800.0 |
        Wizlab |    607 |    607 |      0 |     69 |    315 |   1 |  607.0 |
    Desolation |   1233 |   1233 |      0 |     41 |    551 |   1 | 1233.0 |
      Gauntlet |    372 |    372 |      0 |      0 |    160 |   1 |  372.0 |
               +--------+--------+--------+--------+--------+-----+--------+

Top non-repeatable levels by time:
     D:1: 6289 daAuts
  Lair:5: 2064 daAuts
    D:10: 1607 daAuts
Vaults:2: 1559 daAuts
 Snake:1: 1482 daAuts
  Lair:2: 1439 daAuts
Vaults:1: 1401 daAuts
Vaults:4: 1373 daAuts
 Crypt:3: 1369 daAuts
  Lair:4: 1285 daAuts
    D:11: 1260 daAuts
Desolation: 1233 daAuts
  Lair:3: 1216 daAuts
 Snake:4: 1194 daAuts
Vaults:3: 1152 daAuts
